 Dungeon Crawl Stone Soup version 0.27.1-34-g3ba077fa99 (webtiles) character file.

Game seed: 2193395850035558546

1505 Fek the Chopper (level 8, 0/68 HPs)
             Began as a Hill Orc Fighter on Jan 30, 2022.
             Slain by an orc (5 damage)
             ... on level 5 of the Dungeon.
             The game lasted 00:18:54 (5375 turns).

Fek the Chopper (Hill Orc Fighter)                  Turns: 5375, Time: 00:18:55

Health: 0/68       AC: 14    Str: 21    XL:     8   Next: 82%
Magic:  8/8        EV:  8    Int:  8    God:
Gold:   108        SH:  0    Dex: 10    Spells: 7/7 levels left

rFire    . . .     SeeInvis .   t - +4 halberd
rCold    . . .     Faith    .   (shield currently unavailable)
rNeg     . . .     Spirit   .   h - +3 chain mail
rPois    .         Reflect  .   e - +1 hat
rElec    .         Harm     .   (no cloak)
rCorr    .         Rampage  .   (no gloves)
Will     .....                  (no boots)
Stlth    ..........             (no amulet)
HPRegen  0.21/turn              (no ring)
MPRegen  0.11/turn              (no ring)

@: studying Long Blades
A: no striking features
a: no special abilities


You were on level 5 of the Dungeon.
You visited 1 branch of the dungeon, and saw 5 of its levels.

You collected 304 gold pieces.
You spent 196 gold pieces at shops.

Inventory:

Hand Weapons
 a - a +0 war axe
 t - a +4 halberd (weapon)
Armour
 c - a +0 kite shield
 e - a +1 hat (worn)
 h - a +3 chain mail (worn)
Jewellery
 j - a ring of fire
Scrolls
 i - a scroll of immolation {unknown}
 l - 2 scrolls of identify
 m - a scroll of magic mapping
 n - 3 scrolls of teleportation
 o - a scroll of enchant armour {unknown}
 q - a scroll of holy word
 s - a scroll of amnesia {unknown}
Potions
 b - a potion of brilliance {unknown}
 f - 2 potions of berserk rage {unknown}
 g - 2 potions of lignification
 k - a potion of heal wounds
 p - 2 potions of curing
 r - a potion of invisibility {unknown}
 u - a potion of mutation
 v - a potion of flight
 w - a potion of attraction {unknown}


   Skills:
 + Level 5.3 Fighting
 * Level 5.1 Long Blades
 - Level 6.8(8.2) Axes
 * Level 5.8(6.9) Polearms
 + Level 5.9 Armour
 - Level 0.4 Dodging
 + Level 5.5 Shields


You had 7 spell levels left.
You didn't know any spells.
Your spell library contained the following spells:

 Spells                   Type           Power      Damage    Failure   Level
 Summon Small Mammal      Summ           0%         N/A       98%         1
 Call Canine Familiar     Summ           0%         N/A       100%        3
 Summon Guardian Golem    Hex/Summ       0%         N/A       100%        3


Dungeon Overview and Level Annotations

Branches:
Dungeon (5/15)
 Temple: D:4-7

Altars:
Dithmenos
Elyvilon
Gozag
Trog
Beogh

Shops:
D:5 =*(


Message History

Pain shoots through your body! The orc hits you but does no damage.
You closely miss the orc priest.
The orc priest threatens, "By the altar or by the axe, you will meet Beogh!"
The orc priest is almost dead.
The orc priest hits you but does no damage.
The orc barely misses you. The orc priest barely misses you.
You barely miss the orc priest.
The orc priest is almost dead.
The orc hits you from afar with the +10 spear of Upheaval {vorpal, rElec rPois}.
The orc priest hits you but does no damage.
You hit the orc priest but do no damage.
The orc priest is almost dead.
The orc hits you but does no damage. The orc priest barely misses you.
You closely miss the orc priest.
The orc priest is almost dead.
The orc hits you from afar with the +10 spear of Upheaval {vorpal, rElec rPois}!
* * * LOW HITPOINT WARNING * * *
x2 The orc priest hits you but does no damage.
You hit the orc priest.
You kill the orc priest!
The orc hits you but does no damage.
You hit the orc.
You kill the orc!
The orc barely misses you. The orc hits you but does no damage.
You slash cbfl8's ghost!
Cbfl8's ghost is moderately damaged.
Cbfl8's ghost hits you.
* * * LOW HITPOINT WARNING * * *
The orc barely misses you.
You puncture cbfl8's ghost!
Cbfl8's ghost is severely damaged.
Cbfl8's ghost hits you but does no damage.
The orc hits you but does no damage.
You slice cbfl8's ghost!!
You destroy cbfl8's ghost!
The orc hits you from afar with the +10 spear of Upheaval {vorpal, rElec rPois}!
* * * LOW HITPOINT WARNING * * *
x2 You closely miss the orc.
The orc hits you with a +1 short sword of speed.
You die...

#### #... #... #...
#... #...
############...
########.........##...
#8.).@oo.......8.#....
#######o''######......
#.....o.......#....##
#....#####....#....##
#.###.....###.#......
#.#8#..8..#8#.#....#.
#.............#......
#8...)[_[....8#...##.
**************#...###


You could see 4 orcs.

Vanquished Creatures
  Pikel (D:4)
  A sky beast (D:5)
  2 ogres (D:5)
  A scorpion (D:5)
  A water moccasin skeleton (D:4)
  A water moccasin zombie (D:5)
  A gnoll shaman (D:4)
  2 hounds
  A jelly (D:4)
  2 orc priests (D:5)
  Jessica (D:2)
  2 iguanas (D:4)
  Natasha (thrice) (D:4)
  The ghost of cbfl8 the Sneak, a weakling MiDe (D:5)
  A hound zombie (D:4)
  10 gnolls
  8 adders
  A howler monkey skeleton (D:5)
  A white imp (D:5)
  An ufetubus (D:4)
  5 worms
  3 dart slugs
  10 orcs
  A bat (D:1)
  7 endoplasms
  8 giant cockroaches
  9 goblins
  8 hobgoblins
  4 jackals (D:4)
  12 kobolds
  4 quokkas
  9 ball pythons
  A frilled lizard (D:2)
  10 rats
133 creatures vanquished.

Notes
Turn   | Place    | Note
-------+----------+-------------------------------------------
     0 | D:1      | Fek the Hill Orc Fighter began the quest for the Orb.
     0 | D:1      | Reached XP level 1. HP: 19/19 MP: 1/1
   193 | D:1      | Reached XP level 2. HP: 27/27 MP: 2/2
   464 | D:1      | Reached skill level 3 in Axes
   464 | D:1      | Reached XP level 3. HP: 28/33 MP: 3/3
   569 | D:1      | Found a faded altar of an unknown god.
  1179 | D:2      | Reached XP level 4. HP: 33/40 MP: 4/4
  1305 | D:2      | Noticed Jessica
  1331 | D:2      | Killed Jessica
  1332 | D:2      | Reached skill level 4 in Axes
  1855 | D:3      | Reached XP level 5. HP: 43/46 MP: 5/5
  2267 | D:3      | Reached skill level 5 in Axes
  2377 | D:3      | Found a white marble altar of Elyvilon.
  2699 | D:3      | Noticed a moth of wrath
  2703 | D:3      | Found a bloodstained altar of Trog.
  2725 | D:3      | Reached XP level 6. HP: 43/53 MP: 6/6
  2783 | D:4      | Found an opulent altar of Gozag.
  2826 | D:4      | Found a shadowy altar of Dithmenos.
  2829 | D:4      | Noticed Natasha
  2841 | D:4      | Killed Natasha
  2903 | D:4      | Reached skill level 6 in Axes
  3030 | D:4      | Noticed Natasha
  3047 | D:4      | Killed Natasha
  3456 | D:4      | Reached skill level 5 in Shields
  3905 | D:4      | Noticed Natasha
  3915 | D:4      | Killed Natasha
  3916 | D:4      | Reached skill level 1 in Long Blades
  3916 | D:4      | Reached XP level 7. HP: 54/60 MP: 7/7
  4219 | D:4      | Noticed Pikel
  4236 | D:4      | Killed Pikel
  4237 | D:4      | Reached skill level 5 in Fighting
  4237 | D:4      | Reached skill level 5 in Armour
  4237 | D:4      | Reached XP level 8. HP: 24/68 MP: 8/8
  4789 | D:5      | Entered Level 5 of the Dungeon
  4789 | D:5      | Found Naclaedd's General Store.
  4829 | D:5      | Found Ovoil's Antique Armour Boutique.
  4835 | D:5      | Found Waiwe's Weapon Boutique.
  4839 | D:5      | Bought a potion of mutation for 112 gold pieces
  4839 | D:5      | Bought a potion of flight for 42 gold pieces
  4839 | D:5      | Bought a scroll of teleportation for 42 gold pieces
  4840 | D:5      | Found Fanog's Jewellery Boutique.
  5049 | D:5      | Reached skill level 5 in Polearms
  5311 | D:5      | Found a runed translucent gate.
  5311 | D:5      | Identified the +10 spear of Upheaval {vorpal, rElec rPois}
  5311 | D:5      | Identified the +3 scale mail of the Little Devil {Will+
                  | Stlth+}
  5311 | D:5      | Noticed cbfl8's ghost (weakling MiDe)
  5315 | D:5      | Found a runed translucent gate.
  5316 | D:5      | Found a runed translucent gate.
  5317 | D:5      | Found a roughly hewn altar of Beogh.
  5355 | D:5      | Reached skill level 5 in Long Blades
  5374 | D:5      | Killed cbfl8's ghost
  5375 | D:5      | Slain by an orc

Illustrated notes

Levels and vault maps discovered:
D:1:      evilmike_arrival_rings, layout_loops_ring,
          hellmonk_ecumenical_altar_crossroads
D:2:      layout_rooms, uniq_jessica
D:3:      minmay_chambers_of_twos, layout_basic, tgw_trog,
          nicolae_elyvilon_temple_path
D:4:      layout_gridville, mainiacjoe_overflow_large_starburst,
          chequers_garden, minmay_manual_moon, uniq_pikel, uniq_natasha
D:5:      layout_rooms, tso_altar, biasface_ghost_orc_armoury,
          minmay_shop_grid_forest, nicolae_zen_rock_garden, moated_statue,
          lemuel_flame_loot_1

Skill      XL: |  1  2  3  4  5  6  7  8 |
---------------+-------------------------+-----
Fighting       | 4 5 |  5.3
Axes           | 3 4 5 6 |  6.8
Shields        | 4 5 |  5.5
Armour         | 4 5 |  5.9
Long Blades    | 1 4 5 |  5.1
Polearms       | 2 5 |  5.8
Dodging        | |  0.4

Action                   |  1- 3 |  4- 6 |  7- 9 || total
-------------------------+-------+-------+-------++-------
Melee: War axe           |   100 |   209 |    14 ||   323
       Halberd           |       |       |   100 ||   100
  Use: Potion            |       |       |     2 ||     2
       Scroll            |       |       |     4 ||     4
Armor: Scale mail        |     9 |       |       ||     9
       Chain mail        |    41 |   114 |    69 ||   224
Dodge: Dodged            |    23 |    50 |    33 ||   106
Block: Kite shield       |    57 |   120 |    13 ||   190
